 Dungeon Crawl Stone Soup version 0.31-a0-702-gf82c85558f (webtiles) character file.

Game seed: 12752181882822363945

133 qw the Shooter (level 5, -9/32 HPs)
             Began as a Gargoyle Hunter on Sept 8, 2023.
             Mangled by a gnoll
             ... wielding a +0 halberd
              (13 damage)
             ... on level 3 of the Dungeon.
             The game lasted 00:00:38 (1515 turns).

qw the Shooter (Gargoyle Hunter)                    Turns: 1515, Time: 00:00:38

Health: -9/32      AC: 10    Str: 15    XL:     5   Next: 16%
Magic:  5/5        EV: 11    Int:  9    God:
Gold:   83         SH:  0    Dex: 15    Spells: 4/4 levels left

rFire   . . .        Y - +0 shortbow
rCold   . . .        (shield currently unavailable)
rNeg    + + .        e - +0 ring mail
rPois   inf          m - +0 helmet
rElec   +            (no cloak)
rCorr   .            (no gloves)
SInv    +            (no boots)
Will    .....        (no amulet)
Stlth   +            g - ring of positive energy
HPRegen 0.25/turn    n - ring of see invisible
MPRegen 0.09/turn

%: no passive effects
@: no status effects
A: sickness immunity, AC +4, negative energy resistance 1, electricity
resistance, torment resistance 1, petrification resistance
a: no special abilities


You were on level 3 of the Dungeon.
You visited 1 branch of the dungeon, and saw 3 of its levels.

You collected 83 gold pieces.


Innate Abilities, Weirdness & Mutations

You are immune to sickness and miasma.
Your stone body is resilient. (AC +4)
You are immune to poison.
You resist negative energy. (rN+)
You are resistant to electric shocks. (rElec)
You are resistant to unholy torment.
You are immune to petrification.


   Skills:
 - Level 3.1 Fighting
 + Level 5.4 Ranged Weapons
 - Level 2.2 Armour
 - Level 1.5 Dodging
 - Level 1.1 Stealth


You had 4 spell levels left.
You didn't know any spells.
Your spell library was empty.

Inventory:

Hand Weapons
 Y - a +0 shortbow (weapon)
Armour
 e - a +0 ring mail (worn)
 m - a +0 helmet (worn)
Jewellery
 g - a ring of positive energy (left hand)
 n - a ring of see invisible (right hand)
Scrolls
 a - a scroll of identify
Potions
 b - a potion of brilliance {unknown}
 h - a potion of enlightenment {unknown}
 i - a potion of ambrosia {unknown}
 j - a potion of mutation {unknown}
 k - a potion of curing
 l - a potion of heal wounds {unknown}

Dungeon Overview and Level Annotations

Branches:
Dungeon (3/15)

Altars:
Ashenzari


Message History

The arrow hits the gnoll but does no damage.
You hear a shout!
You shoot an arrow. The arrow hits the gnoll!
The gnoll is heavily wounded.
A rat comes into view.
The gnoll barely misses you.
You shoot an arrow. The arrow hits the gnoll.
The gnoll is severely wounded.
A giant cockroach comes into view.
The gnoll hits you with a +0 flail.
You shoot an arrow. The arrow hits the gnoll.
The gnoll is almost dead.
The gnoll misses you. The gnoll hits you but does no damage.
The gnoll hits you with a +0 flail.
The gnoll hits you from afar with a +0 halberd.
You shoot an arrow. The arrow hits the gnoll!
You kill the gnoll!
A gnoll comes into view. It is wielding a +0 halberd.
The gnoll hits you but does no damage.
You shoot an arrow. The arrow closely misses the rat.
The arrow hits the gnoll but does no damage.
The gnoll hits you but does no damage.
The gnoll hits you from afar with a +0 halberd.
The rat bites you but does no damage.
You shoot an arrow.
The arrow hits the rat but does no damage.
You hear the slow rusting of a drain very nearby.
The gnoll closely misses you. The gnoll barely misses you.
The rat twitches its whiskers.
The rat bites you but does no damage.
You shoot an arrow. The arrow hits the rat.
The rat is severely wounded.
The gnoll barely misses you.
The gnoll hits you from afar with a +0 halberd.
The rat twitches its whiskers.
The rat closely misses you.
You shoot an arrow. The arrow hits the rat.
You kill the rat!
The gnoll hits you from afar with a +0 halberd! x2
You die...

#######......
.(...........
####..)....
####....<....
##....##.#~#..
###..#####.#~#..
######...##
###~##.
#......### #~#..
#...##@### #~#.<
... #B# #~### .


.gg #~# ..... ....... ....#.### ##... .# <..# .# You could see 2 gnolls and a
giant cockroach.

Vanquished Creatures
  Jessica (D:2)
  An orc wizard (D:2)
  An adder (D:2)
  2 gnolls (D:3)
  A worm (D:2)
  4 orcs
  5 ball pythons
  3 endoplasms
  A giant cockroach (D:1)
  4 goblins
  8 hobgoblins
  A jackal (D:1)
  A kobold (D:1)
  6 bats
  4 frilled lizards
  6 rats
49 creatures vanquished.

Notes
Turn   | Place    | Note
-------+----------+-------------------------------------------
     0 | D:1      | qw the Gargoyle Hunter began the quest for the Orb.
     0 | D:1      | Reached XP level 1. HP: 12/12 MP: 1/1
     0 | D:1      | 0 ||| qw: Version: 0.3-a-76-g4403597
     0 | D:1      | 0 ||| qw: Game counter: 1088
     0 | D:1      | 0 ||| qw: Melee chars always use a shield: true
     0 | D:1      | 0 ||| qw: God list: Okawaru
     0 | D:1      | 0 ||| qw: Allow faded altars: false
     0 | D:1      | 0 ||| qw: Do Orc after clearing Dungeon:15 true
     0 | D:1      | 0 ||| qw: Do second Lair branch before Depths: true
     0 | D:1      | 0 ||| qw: Lair rune preference: random
     0 | D:1      | 0 ||| qw: Goals: Normal
     0 | D:1      | 0 ||| PLANNING D:1-11
   247 | D:1      | Reached XP level 2. HP: 17/17 MP: 2/2
   426 | D:1      | Found a faded altar of an unknown god.
   725 | D:1      | Reached XP level 3. HP: 21/21 MP: 3/3
   736 | D:1      | 736 ||| UPGRADING to +0 ring mail.
   746 | D:1      | 746 ||| DROPPING +0 leather armour.
   747 | D:1      | 747 ||| UPGRADING to +0 helmet.
   752 | D:1      | 752 ||| UPGRADING to ring of positive energy.
   753 | D:1      | 753 ||| READING 2 scrolls labelled JIWOEK LEAD.
   754 | D:1      | 754 ||| READING scroll labelled SECZE YCRAMPEQ.
   758 | D:1      | 758 ||| DRINKING 2 glowing purple potions.
   759 | D:1      | 759 ||| DROPPING scroll of butterflies.
   760 | D:1      | 760 ||| DROPPING potion of attraction.
   778 | D:2      | Identified the +7 trident "Ruomo" {pain, Str+3}
   916 | D:2      | Noticed Jessica
   918 | D:2      | Killed Jessica
   968 | D:2      | Reached XP level 4. HP: 26/26 MP: 4/4
  1004 | D:2      | Reached skill level 5 in Ranged Weapons
  1044 | D:2      | Found a broken altar of Ashenzari.
  1263 | D:2      | 1263 ||| UPGRADING to ring of see invisible.
  1264 | D:2      | 1264 ||| READING scroll labelled TYTZICEPTU.
  1265 | D:2      | 1265 ||| READING scroll labelled ZETESA MUMN.
  1266 | D:2      | 1266 ||| READING scroll labelled YFECORUGIAGH.
  1367 | D:2      | 1367 ||| DRINKING 2 golden potions.
  1368 | D:2      | 1368 ||| READING 2 scrolls of identify.
  1368 | D:2      | 1368 ||| IDENTIFYING coppery potion
  1369 | D:2      | 1369 ||| DROPPING potion of degeneration.
  1395 | D:3      | 1395 ||| PLANNING SEWER
  1395 | D:3      | 1395 ||| Stepping ~*~*~tactically~*~*~ (retreating).
  1396 | D:3      | 1396 ||| Stepping ~*~*~tactically~*~*~ (retreating).
  1397 | D:3      | 1397 ||| STAIRDANCE
  1405 | D:2      | Reached skill level 3 in Fighting
  1412 | D:3      | 1412 ||| STAIRDANCE
  1506 | D:3      | Reached XP level 5. HP: 32/32 MP: 5/5
  1515 | D:3      | HP: 4/32 [gnoll/+0 halberd (9)]
  1515 | D:3      | Mangled by a gnoll

Levels and vault maps discovered:
D:1:      mrwooster_arrival_statue_3, layout_loops_ring,
          ebering_ecumenical_altar_petrified, minmay_split_cup_small
D:2:      layout_basic, basic_altar, uniq_jessica
D:3:      layout_rooms, lemuel_coloured_pillars_altar, portal_sewer_entry_d,
          gammafunk_ghost_mausoleum

Skill      XL: |  1  2  3  4 |
---------------+-------------+-----
Armour         | 2 |  2.2
Ranged Weapons | 5 |  5.4
Fighting       | 3 |  3.1
Dodging        | |  1.5
Stealth        | |  1.1

Action                     |  1- 3 |  4- 6 || total
---------------------------+-------+-------++-------
   Fire: Shortbow          |    69 |    54 ||   123
    Use: Scroll            |     2 |     4 ||     6
         Potion            |     1 |     1 ||     2
 Armour: Leather armour    |    11 |       ||    11
         Ring mail         |     2 |    34 ||    36
  Dodge: Dodged            |     9 |    26 ||    35

Table legend:
 A = Non-vault XP
 B = Vault XP
 C = Vault XP percentage of total XP
 D = Non-vault monster count
 E = Vault monster count
 F = Vault count percentage of total count
                 A         B        C        D         E       F
            +---------+---------+-------+---------+---------+-------
      Total |     137 |      55 |  28.6 |      44 |       5 |  10.2
            +---------+---------+-------+---------+---------+-------
        D:1 |      29 |       5 |  14.7 |      18 |       3 |  14.3
        D:2 |      77 |      50 |  39.4 |      22 |       2 |   8.3
        D:3 |      31 |       0 |   0.0 |       4 |       0 |   0.0
            +---------+---------+-------+---------+---------+-------
